APP
CHICAGO (APP) CUBS @ SAN FRANCISCO (APP) GIANTS
10/04/2049
 
TOP OF THE 1ST
Johnson City Cardinals batting - Pitching for San Francisco (APP) Giants : RHP Corey Foster
Pitching: RHP Corey Foster
Batting: LHB Mike East 0-0: Ball
1-0: Called Strike
1-1: Fly out, F6 (Popup, 6, EV 57.5 MPH)
Batting: RHB Chris Rouleau 0-0: Foul Ball, location: 2F
0-1: Swinging Strike
0-2: Foul Ball, location: 2F
0-2: Ball
1-2: Foul Ball, location: 2F
1-2: Foul Ball, location: 2F
1-2: Foul Ball, location: 2F
1-2: SINGLE (Groundball, 5S, EV 69.4 MPH) (infield hit)
Batting: RHB Nelson Salamanca 0-0: Swinging Strike
0-1: Ball
Chris Rouleau steals 2nd base
1-1: Ball
Passed Ball!
Chris Rouleau to third
2-1: Ball
3-1: Called Strike
3-2: Reached on error, E4 (Groundball, P, EV 88.1 MPH)
Chris Rouleau scores
Batting: SHB Steve Langlois 0-0: Ball
1-0: Ball
2-0: 2-RUN HOME RUN (Flyball, 89XD, EV 110.6 MPH), Distance : 420 ft
Pitching: RHP Sam Green
Batting: RHB Juan Carrillo 0-0: Called Strike
0-1: Foul Ball, location: 2F
0-2: Fly out, F9 (Line Drive, 9, EV 86.2 MPH)
Batting: SHB Bobby Mercado 0-0: Ball
1-0: Ball
2-0: Foul Ball, location: 2F
2-1: Foul Ball, location: 2F
2-2: Ball
3-2: Base on Balls
Batting: RHB Jonathan Winkler 0-0: Ball
1-0: Ball
2-0: DOUBLE (Line Drive, 9LM, EV 91.9 MPH)
Bobby Mercado to third
Batting: LHB Ken Morehead 0-0: Ball
1-0: Ball
2-0: Ball
3-0: Called Strike
3-1: Foul Ball, location: 2F
3-2: Base on Balls
Batting: RHB Mario Carbajal 0-0: Ball
1-0: Ball
2-0: Called Strike
2-1: Foul Ball, location: 2F
2-2: Ball
3-2: Ground out 1-3 (Groundball, 13, EV 68.8 MPH)
Top of the 1st over - 3 runs, 3 hits, 1 error, 3 left on base; Johnson City 3 - San Francisco (APP) 0
BOTTOM OF THE 1ST
San Francisco (APP) Giants batting - Pitching for Johnson City Cardinals : LHP Matt Rossiter
Pitching: LHP Matt Rossiter
Batting: LHB Eddie Lemus 0-0: Foul Ball, location: 2F
0-1: Ball
1-1: Ball
2-1: Fly out, F6 (Line Drive, 6, EV 75.6 MPH)
Batting: RHB Noe Oliva 0-0: Called Strike
0-1: Ball
1-1: Called Strike
1-2: Strikes out looking
Batting: LHB Kuan Hsia 0-0: Ball
1-0: Called Strike
1-1: Swinging Strike
1-2: Ball
2-2: Strikes out swinging
Bottom of the 1st over - 0 runs, 0 hits, 0 errors, 0 left on base; Johnson City 3 - San Francisco (APP) 0
TOP OF THE 2ND
Johnson City Cardinals batting - Pitching for San Francisco (APP) Giants : RHP Sam Green
Batting: LHB Mike East 0-0: Ball
1-0: Called Strike
1-1: Called Strike
1-2: Foul Ball, location: 2F
1-2: Ball
2-2: Ball
3-2: Base on Balls
Batting: RHB Chris Rouleau 0-0: Swinging Strike
0-1: Foul Ball, location: 2F
0-2: Ball
Mike East steals 2nd base
1-2: Ball
2-2: Ball
3-2: Ground out 6-3 (Groundball, 6, EV 77.5 MPH)
Mike East to third
Batting: RHB Nelson Salamanca 0-0: Called Strike
0-1: Ball
1-1: Foul Ball, location: 2F
1-2: Ball
2-2: Strikes out swinging
Batting: SHB Steve Langlois 0-0: Ball
1-0: Ball
2-0: Called Strike
2-1: Ball
3-1: Base on Balls
Batting: RHB Juan Carrillo 0-0: Ball
1-0: Ball
2-0: Foul Ball, location: 2F
2-1: Called Strike
2-2: 3-RUN HOME RUN (Flyball, 7D, EV 103.8 MPH), Distance : 405 ft
Batting: SHB Bobby Mercado 0-0: Ball
1-0: Swinging Strike
1-1: Swinging Strike
1-2: Foul Ball, location: 2F
1-2: Ball
2-2: Ball
3-2: SOLO HOME RUN (Flyball, 9LD, EV 94.4 MPH), Distance : 349 ft
Batting: RHB Jonathan Winkler 0-0: Ball
1-0: Ball
2-0: DOUBLE (Line Drive, 3D, EV 95.6 MPH)
Pitching: RHP Conrad van Gemert
Batting: LHB Ken Morehead 0-0: Foul Ball, location: 2F
0-1: Ball
1-1: Foul Ball, location: 2F
1-2: Ball
2-2: Ball
3-2: 2-RUN HOME RUN (Flyball, 89XD, EV 106.9 MPH), Distance : 434 ft
Batting: RHB Mario Carbajal 0-0: Called Strike
0-1: Ground out 6-3 (Groundball, 6, EV 82.5 MPH)
Top of the 2nd over - 6 runs, 4 hits, 0 errors, 0 left on base; Johnson City 9 - San Francisco (APP) 0
BOTTOM OF THE 2ND
San Francisco (APP) Giants batting - Pitching for Johnson City Cardinals : LHP Matt Rossiter
Batting: RHB Ricky Aguilar 0-0: Ball
1-0: Foul Ball, location: 2F
1-1: Foul Ball, location: 2F
1-2: Strikes out swinging
Batting: RHB Chris Kulik 0-0: Ground out 4-3 (Groundball, 4S, EV 90.6 MPH)
Batting: RHB Azeem bin Zuhair 0-0: Ball
1-0: Ball
2-0: Called Strike
2-1: Foul Ball, location: 2F
2-2: Strikes out looking
Bottom of the 2nd over - 0 runs, 0 hits, 0 errors, 0 left on base; Johnson City 9 - San Francisco (APP) 0
TOP OF THE 3RD
Johnson City Cardinals batting - Pitching for San Francisco (APP) Giants : RHP Conrad van Gemert
Batting: LHB Mike East 0-0: Ball
1-0: Ball
2-0: Foul Ball, location: 2F
2-1: Ball
3-1: Ground out 3-1 (Groundball, 34S, EV 80.0 MPH)
Batting: RHB Chris Rouleau 0-0: SINGLE (Groundball, 56S, EV 61.9 MPH) (infield hit)
Batting: RHB Nelson Salamanca 0-0: Ball
1-0: Ball
2-0: Ball
3-0: Foul Ball, location: 2F
3-1: Called Strike
3-2: Strikes out swinging
Chris Rouleau is caught stealing 2nd base 2-4
Batter strikes out.
Top of the 3rd over - 0 runs, 1 hit, 0 errors, 0 left on base; Johnson City 9 - San Francisco (APP) 0
BOTTOM OF THE 3RD
San Francisco (APP) Giants batting - Pitching for Johnson City Cardinals : LHP Matt Rossiter
Batting: RHB Jonathan Hemsley 0-0: Called Strike
0-1: Ball
1-1: Foul Ball, location: 2F
1-2: Strikes out looking
Batting: RHB Rúbem Trancoso 0-0: Ball
1-0: Ground out 6-3 (Groundball, 56, EV 106.2 MPH)
Batting: SHB Cedric Sweep 0-0: Ball
1-0: Foul Ball, location: 2F
1-1: Swinging Strike
1-2: Strikes out swinging
Bottom of the 3rd over - 0 runs, 0 hits, 0 errors, 0 left on base; Johnson City 9 - San Francisco (APP) 0
TOP OF THE 4TH
Johnson City Cardinals batting - Pitching for San Francisco (APP) Giants : RHP Conrad van Gemert
Batting: SHB Steve Langlois 0-0: Ball
1-0: Reached on error, E4 (Groundball, 4S, EV 61.9 MPH)
Batting: RHB Juan Carrillo 0-0: Ball
1-0: Fly out, F7 (Flyball, 7LM, EV 88.1 MPH)
Batting: SHB Bobby Mercado 0-0: Called Strike
0-1: Ball
1-1: Ball
2-1: Ball
3-1: Foul Ball, location: 2F
3-2: Foul Ball, location: 2F
3-2: Strikes out swinging
Batting: RHB Jonathan Winkler 0-0: SINGLE (Groundball, 25, EV 68.8 MPH) (infield hit)
Steve Langlois to second
Batting: LHB Ken Morehead 0-0: Ball
1-0: Ball
2-0: Swinging Strike
2-1: Ball
3-1: Base on Balls
Steve Langlois to third
Jonathan Winkler to second
Batting: RHB Mario Carbajal 0-0: Ball
1-0: Fielders Choice at 2nd, 6-4 (Groundball, 56, EV 88.8 MPH)
Top of the 4th over - 0 runs, 1 hit, 1 error, 3 left on base; Johnson City 9 - San Francisco (APP) 0
BOTTOM OF THE 4TH
San Francisco (APP) Giants batting - Pitching for Johnson City Cardinals : LHP Matt Rossiter
Batting: LHB Eddie Lemus 0-0: Called Strike
0-1: Swinging Strike
0-2: Ball
1-2: Ground out U3 (Groundball, 34, EV 83.8 MPH)
Batting: RHB Noe Oliva 0-0: Fly out, F7 (Flyball, 78S, EV 80.6 MPH)
Batting: LHB Kuan Hsia 0-0: Ball
1-0: Swinging Strike
1-1: Ball
2-1: Called Strike
2-2: Strikes out swinging
Bottom of the 4th over - 0 runs, 0 hits, 0 errors, 0 left on base; Johnson City 9 - San Francisco (APP) 0
TOP OF THE 5TH
Johnson City Cardinals batting - Pitching for San Francisco (APP) Giants : RHP Conrad van Gemert
Batting: LHB Mike East 0-0: Ball
1-0: Ball
2-0: Ball
3-0: Called Strike
3-1: Base on Balls
Batting: RHB Chris Rouleau 0-0: Ball
1-0: Called Strike
1-1: Ball
Wild Pitch!
Mike East to second
2-1: Swinging Strike
2-2: TRIPLE (Groundball, 5L, EV 100.0 MPH)
Mike East scores
Pitching: LHP Justin Tidwell
Batting: RHB Nelson Salamanca 0-0: Ball
1-0: Ball
2-0: Ball
3-0: Base on Balls
Batting: SHB Steve Langlois 0-0: 3-RUN HOME RUN (Flyball, 9LD, EV 98.1 MPH), Distance : 356 ft
Batting: RHB Juan Carrillo 0-0: Foul Ball, location: 2F
0-1: Foul Ball, location: 2F
0-2: SINGLE (Groundball, 4M, EV 76.9 MPH) (infield hit)
Batting: SHB Bobby Mercado 0-0: Swinging Strike
0-1: Called Strike
0-2: Ball
1-2: Ball
2-2: Strikes out looking
Batting: RHB Jonathan Winkler 0-0: Called Strike
0-1: 2-RUN HOME RUN (Flyball, 7LD, EV 98.1 MPH), Distance : 374 ft
Pitching: LHP Ken Cromsie
Batting: LHB Ken Morehead 0-0: Called Strike
0-1: SOLO HOME RUN (Line Drive, 9LD, EV 99.4 MPH), Distance : 371 ft
Batting: RHB Mario Carbajal 0-0: Foul Ball, location: 2F
0-1: Ball
1-1: Ball
2-1: Foul Ball, location: 2F
2-2: Foul Ball, location: 2F
2-2: Ball
3-2: Base on Balls
Batting: LHB Mike East 0-0: Ball
1-0: Called Strike
1-1: DOUBLE (Groundball, 3L, EV 103.1 MPH)
Mario Carbajal to third
Batting: RHB Chris Rouleau 0-0: Ball
1-0: Ball
2-0: Ball
3-0: Base on Balls
Batting: RHB Nelson Salamanca 0-0: Ball
1-0: Called Strike
1-1: Called Strike
1-2: Fly out, F5 (Popup, 5SF, EV 77.5 MPH)
Pitching: RHP Newt Reid
Batting: SHB Steve Langlois 0-0: Swinging Strike
0-1: SINGLE (Groundball, 4, EV 99.4 MPH)
Mario Carbajal scores
Mike East to third
Chris Rouleau to second
Runner from 3rd tries for Home, SAFE, throw by RF to home
Chris Rouleau to third
Steve Langlois to second
Batting: RHB Juan Carrillo 0-0: Ball
1-0: Ball
2-0: Fly out, F9 (Line Drive, 89M, EV 107.5 MPH)
Top of the 5th over - 9 runs, 7 hits, 0 errors, 2 left on base; Johnson City 18 - San Francisco (APP) 0
BOTTOM OF THE 5TH
San Francisco (APP) Giants batting - Pitching for Johnson City Cardinals : LHP Matt Rossiter
Batting: RHB Ricky Aguilar 0-0: Called Strike
0-1: Ball
1-1: Ball
2-1: Ball
3-1: Foul Ball, location: 2F
3-2: Strikes out swinging
Batting: RHB Chris Kulik 0-0: Called Strike
0-1: Foul Ball, location: 2F
0-2: Strikes out swinging
Batting: RHB Azeem bin Zuhair 0-0: Ground out 6-3 (Groundball, 6, EV 97.5 MPH)
Bottom of the 5th over - 0 runs, 0 hits, 0 errors, 0 left on base; Johnson City 18 - San Francisco (APP) 0
TOP OF THE 6TH
Johnson City Cardinals batting - Pitching for San Francisco (APP) Giants : RHP Newt Reid
Batting: SHB Bobby Mercado 0-0: Foul Ball, location: 2F
0-1: Called Strike
0-2: Strikes out looking
Batting: RHB Jonathan Winkler 0-0: Ball
1-0: Called Strike
1-1: Ball
2-1: Ball
3-1: Called Strike
3-2: Base on Balls
Batting: LHB Ken Morehead 0-0: Ball
1-0: Ball
2-0: Called Strike
2-1: Ball
3-1: Foul Ball, location: 2F
3-2: Base on Balls
Jonathan Winkler to second
Batting: RHB Mario Carbajal 0-0: Called Strike
0-1: Ball
1-1: 3-RUN HOME RUN (Flyball, 7LD, EV 98.1 MPH), Distance : 363 ft
Batting: LHB Mike East 0-0: Ball
1-0: Called Strike
1-1: Ball
2-1: Ball
3-1: Base on Balls
Batting: RHB Chris Rouleau 0-0: Ball
1-0: Called Strike
1-1: Foul Ball, location: 2F
1-2: Strikes out swinging
Batting: RHB Nelson Salamanca 0-0: Called Strike
0-1: Ball
1-1: Ball
2-1: SINGLE (Groundball, 5L, EV 81.9 MPH) (infield hit)
Mike East to second
Batting: SHB Steve Langlois 0-0: Ball
1-0: Foul Ball, location: 2F
1-1: Ball
2-1: Ball
3-1: Foul Ball, location: 2F
3-2: SINGLE (Line Drive, 9LS, EV 89.4 MPH)
Mike East to third
Nelson Salamanca to second
Mike East scores
Nelson Salamanca to third
Batting: RHB Juan Carrillo 0-0: Ball
1-0: Ball
2-0: Called Strike
2-1: Foul Ball, location: 2F
2-2: Ball
3-2: Foul Ball, location: 2F
3-2: Base on Balls
Steve Langlois to second
Batting: SHB Bobby Mercado 0-0: Ground out U3 (Groundball, 3, EV 103.1 MPH)
Top of the 6th over - 4 runs, 3 hits, 0 errors, 3 left on base; Johnson City 22 - San Francisco (APP) 0
BOTTOM OF THE 6TH
San Francisco (APP) Giants batting - Pitching for Johnson City Cardinals : LHP Matt Rossiter
Batting: RHB Jonathan Hemsley 0-0: Called Strike
0-1: Ball
1-1: Called Strike
1-2: Ball
2-2: Ball
3-2: Strikes out swinging
Batting: RHB Rúbem Trancoso 0-0: Ball
1-0: Foul Ball, location: 2F
1-1: Swinging Strike
1-2: Strikes out swinging
Batting: SHB Cedric Sweep 0-0: Foul Ball, location: 2F
0-1: Foul Ball, location: 2F
0-2: Strikes out swinging
Bottom of the 6th over - 0 runs, 0 hits, 0 errors, 0 left on base; Johnson City 22 - San Francisco (APP) 0
TOP OF THE 7TH
Johnson City Cardinals batting - Pitching for San Francisco (APP) Giants : RHP Newt Reid
Batting: RHB Jonathan Winkler 0-0: Ball
1-0: Ball
2-0: Reached on error, E5 (Groundball, 56, EV 86.2 MPH)
Pinch Hitting: RHB Geoff Musico 0-0: Ball
1-0: Ball
2-0: Ball
Wild Pitch!
Jonathan Winkler to third
3-0: Base on Balls
Batting: RHB Mario Carbajal 0-0: Swinging Strike
0-1: 3-RUN HOME RUN (Flyball, 9D, EV 99.4 MPH), Distance : 397 ft
Batting: LHB Mike East 0-0: Ball
1-0: Foul Ball, location: 2F
1-1: Fly out, F9 (Flyball, 89XD, EV 91.2 MPH)
Batting: RHB Chris Rouleau 0-0: DOUBLE (Flyball, 78D, EV 89.4 MPH)
Batting: RHB Nelson Salamanca 0-0: Called Strike
0-1: Called Strike
0-2: Ball
1-2: Strikes out swinging
Batting: SHB Steve Langlois 0-0: SINGLE (Groundball, 6MD, EV 101.9 MPH)
Chris Rouleau to third
Runner from 3rd tries for Home, SAFE, throw by CF to home
Batting: RHB Juan Carrillo 0-0: Fly out, F3 (Popup, 3SF, EV 66.2 MPH)
Top of the 7th over - 4 runs, 3 hits, 1 error, 1 left on base; Johnson City 26 - San Francisco (APP) 0
BOTTOM OF THE 7TH
San Francisco (APP) Giants batting - Pitching for Johnson City Cardinals : LHP Matt Rossiter
Now at 1B: Geoff Musico
Batting: LHB Eddie Lemus 0-0: Ball
1-0: Ground out 3-1 (Groundball, 34, EV 108.8 MPH)
Batting: RHB Noe Oliva 0-0: Swinging Strike
0-1: Foul Ball, location: 2F
0-2: Strikes out swinging
Batting: LHB Kuan Hsia 0-0: Ball
1-0: Ball
2-0: Foul Ball, location: 2F
2-1: Foul Ball, location: 2F
2-2: Ball
3-2: SOLO HOME RUN (Flyball, 9D, EV 94.4 MPH), Distance : 381 ft
Batting: RHB Ricky Aguilar 0-0: Ball
1-0: Swinging Strike
1-1: Swinging Strike
1-2: Ball
2-2: Ball
3-2: Base on Balls
Batting: RHB Chris Kulik 0-0: Ball
1-0: Called Strike
1-1: Foul Ball, location: 2F
1-2: Ground out 4-3 (Groundball, 4S, EV 71.2 MPH)
Bottom of the 7th over - 1 run, 1 hit, 0 errors, 1 left on base; Johnson City 26 - San Francisco (APP) 1
TOP OF THE 8TH
Johnson City Cardinals batting - Pitching for San Francisco (APP) Giants : RHP Newt Reid
Batting: SHB Bobby Mercado 0-0: SINGLE (Groundball, 4D, EV 110.6 MPH)
Batting: RHB Jonathan Winkler 0-0: Swinging Strike
0-1: Ball
1-1: DOUBLE (Line Drive, 9LM, EV 98.8 MPH)
Bobby Mercado to third
Batting: RHB Geoff Musico 0-0: Fly out, F3 (Line Drive, 3, EV 65.0 MPH)
Batting: RHB Mario Carbajal 0-0: Ball
1-0: Ball
2-0: Called Strike
2-1: Foul Ball, location: 2F
2-2: Foul Ball, location: 2F
2-2: Ball
3-2: Base on Balls
Batting: LHB Mike East 0-0: Called Strike
0-1: Ball
1-1: DOUBLE (Groundball, 3L, EV 107.5 MPH)
Bobby Mercado scores
Jonathan Winkler scores
Mario Carbajal to third
Batting: RHB Chris Rouleau 0-0: Hit by Pitch
Batting: RHB Nelson Salamanca 0-0: Ball
1-0: Ball
Passed Ball!
Mario Carbajal scores
Mike East to third
Chris Rouleau to second
2-0: Ball
3-0: Base on Balls
Batting: SHB Steve Langlois 0-0: Ball
1-0: Called Strike
1-1: Fly out, F8 (Flyball, 8LXD, EV 98.8 MPH)
Runner from 3rd tags up, SCORES, no throw by CF
Chris Rouleau to third
Batting: RHB Juan Carrillo 0-0: Fly out, F9 (Flyball, 9S, EV 83.8 MPH)
Top of the 8th over - 4 runs, 3 hits, 0 errors, 2 left on base; Johnson City 30 - San Francisco (APP) 1
BOTTOM OF THE 8TH
San Francisco (APP) Giants batting - Pitching for Johnson City Cardinals : LHP Matt Rossiter
Batting: RHB Azeem bin Zuhair 0-0: Called Strike
0-1: Ball
1-1: Ball
2-1: Ground out 6-3 (Groundball, 6, EV 89.4 MPH)
Batting: RHB Jonathan Hemsley 0-0: Ground out 6-3 (Groundball, 56D, EV 84.4 MPH)
Batting: RHB Rúbem Trancoso 0-0: Ball
1-0: Reached on error, E6 (Groundball, 6, EV 76.2 MPH)
Batting: SHB Cedric Sweep 0-0: Ball
1-0: Ball
2-0: Foul Ball, location: 2F
2-1: SINGLE (Groundball, 56D, EV 101.9 MPH)
Rúbem Trancoso to second
Batting: LHB Eddie Lemus 0-0: Ball
1-0: Ball
2-0: SINGLE (Groundball, 15S, EV 68.1 MPH) (infield hit)
Rúbem Trancoso to third
Cedric Sweep to second
Batting: RHB Noe Oliva 0-0: Called Strike
0-1: Ball
1-1: Ball
2-1: Fly out, F5 (Line Drive, 56, EV 71.2 MPH)
Bottom of the 8th over - 0 runs, 2 hits, 1 error, 3 left on base; Johnson City 30 - San Francisco (APP) 1
TOP OF THE 9TH
Johnson City Cardinals batting - Pitching for San Francisco (APP) Giants : RHP Newt Reid
Batting: SHB Bobby Mercado 0-0: SINGLE (Groundball, 4M, EV 102.5 MPH) (infield hit)
Batting: RHB Jonathan Winkler 0-0: Called Strike
0-1: Called Strike
0-2: Fly out, F4 (Line Drive, 4, EV 66.2 MPH)
Batting: RHB Geoff Musico 0-0: Swinging Strike
0-1: Ball
1-1: Ball
Passed Ball!
Bobby Mercado to second
2-1: Foul Ball, location: 2F
2-2: Ball
3-2: Foul Ball, location: 2F
3-2: Base on Balls
Batting: RHB Mario Carbajal 0-0: Ball
1-0: Swinging Strike
1-1: Ball
2-1: Ball
3-1: Base on Balls
Bobby Mercado to third
Geoff Musico to second
Batting: LHB Mike East 0-0: Ball
1-0: Called Strike
1-1: Ball
2-1: Ball
3-1: Base on Balls
Bobby Mercado scores
Geoff Musico to third
Mario Carbajal to second
Batting: RHB Chris Rouleau 0-0: Ball
1-0: Ball
2-0: Called Strike
2-1: Ball
3-1: Base on Balls
Geoff Musico scores
Mario Carbajal to third
Mike East to second
Batting: RHB Nelson Salamanca 0-0: Ball
1-0: Foul Ball, location: 2F
1-1: Ball
Wild Pitch!
Mario Carbajal scores
Mike East to third
Chris Rouleau to second
2-1: Ball
3-1: Fly out, F9 (Flyball, 89M, EV 90.0 MPH)
Runner from 3rd tags up, SCORES, throw by RF
Chris Rouleau to third
Batting: SHB Steve Langlois 0-0: DOUBLE (Line Drive, 9LM, EV 100.6 MPH)
Chris Rouleau scores
Batting: RHB Juan Carrillo 0-0: Reached on error, E5 (Groundball, 56S, EV 69.4 MPH)
Steve Langlois scores
Batting: SHB Bobby Mercado 0-0: Called Strike
0-1: Reached on error, E3 (Groundball, 34, EV 103.8 MPH)
Juan Carrillo to third
Batting: RHB Jonathan Winkler 0-0: Ball
1-0: Ground out 4-3 (Groundball, 4, EV 85.0 MPH)
Top of the 9th over - 6 runs, 2 hits, 2 errors, 2 left on base; Johnson City 36 - San Francisco (APP) 1
BOTTOM OF THE 9TH
San Francisco (APP) Giants batting - Pitching for Johnson City Cardinals : LHP Matt Rossiter
Batting: LHB Kuan Hsia 0-0: Ball
1-0: Ground out U3 (Groundball, 34S, EV 68.1 MPH)
Batting: RHB Ricky Aguilar 0-0: Ball
1-0: Ball
2-0: Called Strike
2-1: Foul Ball, location: 2F
2-2: Strikes out swinging
Batting: RHB Chris Kulik 0-0: Ball
1-0: Called Strike
1-1: Ball
2-1: Ball
3-1: Called Strike
3-2: Strikes out swinging
Bottom of the 9th over - 0 runs, 0 hits, 0 errors, 0 left on base; Johnson City 36 - San Francisco (APP) 1
Sunday, July 16th , 2023 - OOTP Baseball 24.6 Build 69